 Dungeon Crawl Stone Soup version 0.30.0-29-ga12c61a403 (webtiles) character file.

Game seed: 5837754570322287140

3 Gorgondantess the Vexing (level 1, -2/7 HPs)
             Began as a Felid Enchanter on June 24, 2023.
             Slain by a kobold
             ... wielding a +2 dagger of speed
              (5 damage)
             ... on level 1 of the Dungeon.
             The game lasted 00:00:18 (188 turns).

Gorgondantess the Vexing (Felid Enchanter)           Turns: 188, Time: 00:00:19

Health: -2/7       AC:  1    Str:  4    XL:     1   Next: 41%
Magic:  4/4        EV: 17    Int: 16    God:
Gold:   0          SH:  0    Dex: 16    Spells: 4/4 levels left
                                        Lives:  0   Deaths: 0

rFire   . .          .
                       - Unarmed
rCold   . . .        (shield unavailable)
rNeg    . . .        (body armour unavailable)
rPois   .            (helmet unavailable)
rElec   .            (cloak unavailable)
rCorr   .            (gloves unavailable)
SInv    +            (boots unavailable)
Will    .....        (no amulet)
Stlth   +++          (no ring)
HPRegen 0.21/turn    (no ring)
MPRegen 0.09/turn

%: no passive effects
@: quick
A: very small, claws 1, fangs 3, see invisible, speed 1, shaggy fur 1, stealthy
paws, no weapons or thrown items, no armour, multi-lived
a: no special abilities


You were on level 1 of the Dungeon.
You visited 1 branch of the dungeon, and saw 1 of its levels.

Inventory:

Scrolls
 b - a scroll of vulnerability {unknown}
Potions
 a - 2 potions of invisibility


   Skills:
 - Level 2.6 Dodging
 - Level 4.0 Stealth
 + Level 1.5 Unarmed Combat
 - Level 2.0 Spellcasting
 - Level 4.4 Hexes


You had 4 spell levels left.
You didn't know any spells.
Your spell library contained the following spells:

 Spells                   Type           Power      Damage    Failure   Level
 Confusing Touch          Hex            15%        N/A       11%         3
 Tukima's Dance           Hex            15%        N/A       11%         3
 Ensorcelled Hibernation  Hex/Ice        16%        N/A       13%         2
 Dazzling Flash           Conj/Hex       16%        N/A       26%         3


Dungeon Overview and Level Annotations

Branches:
Dungeon (1/15)

Altars:


Innate Abilities, Weirdness & Mutations

You have sharp claws.
You have razor-sharp teeth.
You have supernaturally acute eyesight. (SInv)
You cover ground quickly. (Speed+)
You are covered in fur. (AC +1)
Your paws help you pounce on unaware monsters.
You are incapable of wielding weapons or throwing items.
You cannot wear armour.
You gain extra lives every three experience levels.


Message History

There is an open door here.
A quokka comes into view.
The quokka bites you.
Ouch! That really hurt!
You are too injured to fight recklessly!
You are too injured to fight recklessly!
You are too injured to fight recklessly!
You are too injured to fight recklessly!
You scratch the quokka.
You kill the quokka!
Nothing quivered!
HP restored.
You open the door.
There is an open door here.
You open the door. You open the door.
There is an open door here.
You open the door.
A rat comes into view.
There is an open door here.
You scratch the rat.
The rat is moderately wounded.
The rat completely misses you.
You scratch the rat.
You kill the rat!
No target in view!
A kobold comes into view. It is wielding a +2 dagger of speed.
Found a stone staircase leading down.
The kobold shouts!
The kobold completely misses you.
There is a stone staircase leading down here.
You barely miss the kobold.
The kobold hits you with a +2 dagger of speed.
Ouch! That really hurt!
You are too injured to fight recklessly!
You are too injured to fight recklessly!
You barely miss the kobold.
The kobold hits you with a +2 dagger of speed.
Ouch! That really hurt!
You die...

#.....#........
#.....##.......
#.......##.....
####....##.##..
#....##.# ####....##.
+..'....##.##
####....##K.###########
###....###@..........#
#........#####........
#........'...'.......#
#........#####†......#
+........'...+.......♣
#........#####......#♣
###........'..........♣
...........#########+#♣
##.........#


You could see a kobold.

Vanquished Creatures
  A quokka (D:1)
  A ball python (D:1)
  A kobold (D:1)
  A rat (D:1)
4 creatures vanquished.

Notes
Turn   | Place    | Note
-------+----------+-------------------------------------------
     0 | D:1      | Gorgondantess the Felid Enchanter began the quest for the
                  | Orb.
     0 | D:1      | Reached XP level 1. HP: 7/7 MP: 4/4
   188 | D:1      | Slain by a kobold

Illustrated notes

Levels and vault maps discovered:
D:1:      onia_arrival_mini_spirals, layout_basic, serial_forest,
          infiniplex_forest_diagonal, infiniplex_forest_end_double,
          infiniplex_forest_fountain, infiniplex_forest_end_1,
          infiniplex_forest_end_3, infiniplex_forest_zigzag_1,
          infiniplex_forest_lined_room_2

Action                     || total
---------------------------++-------
  Melee: Unarmed           ||     7
  Dodge: Dodged            ||     2
